 Dungeon Sprint DCSS version 0.30-a0-374-g95c0257040 (webtiles) character file.

Game seed: 7909574062242622929

22 McGhostyFace the Protected (level 2, -2/22 HPs)
             Began as a Gnoll Wanderer on Nov 26, 2022.
             Slain by Crazy Yiuf
             ... wielding a +4 quarterstaff of chaos
              (12 damage)
             ... in the Dungeon (Sprint III: "The Ten Rune Challenge").
             The game lasted 00:01:18 (182 turns).

McGhostyFace the Protected (Gnoll Wanderer)          Turns: 182, Time: 00:01:19

Health: -2/22      AC:  7    Str:  9    XL:     2   Next: 91%
Magic:  6/6        EV: 15    Int: 12    God:
Gold:   0          SH:  0    Dex: 12    Spells: 7/7 levels left

rFire   . . .      SeeInvis .    a - +0 dagger
rCold   . . .      Faith    .    (no shield)
rNeg    . . .      Spirit   .    c - +0 ring mail
rPois   .          Reflect  .    (no helmet)
rElec   .          Harm     .    (no cloak)
rCorr   .          Rampage  .    (no gloves)
Will    .....      NoTele   +    (no boots)
Stlth   +.........               (no amulet)
HPRegen 0.23/turn                (no ring)
MPRegen 0.10/turn                (no ring)

@: agile
A: fangs 1, strong nose, distributed training
a: no special abilities


You were in the Dungeon.
You visited 1 branch

Inventory:

Hand Weapons
 a - a +0 dagger (weapon)
Armour
 c - a +0 ring mail (worn)
Scrolls
 i - a scroll of blinking
 j - a scroll of identify {unknown}
Potions
 b - a potion of lignification
 d - a potion of curing
 e - a potion of heal wounds
 g - 2 potions of magic


   Skills:
 + Level 1.7 Fighting
 + Level 1.7 Short Blades
 + Level 1.7 Long Blades
 + Level 1.7 Axes
 + Level 1.7 Maces & Flails
 + Level 1.7 Polearms
 + Level 1.7 Staves
 + Level 1.7 Ranged Weapons
 + Level 1.7 Throwing
 + Level 10.5 Armour
 + Level 1.7 Dodging
 + Level 1.7 Stealth
 + Level 1.7 Shields
 + Level 1.7 Unarmed Combat
 + Level 3.3 Spellcasting
 + Level 4.0 Conjurations
 + Level 1.3 Hexes
 + Level 1.3 Summonings
 + Level 1.3 Necromancy
 + Level 1.3 Translocations
 + Level 4.0 Transmutations
 + Level 1.3 Fire Magic
 + Level 1.3 Ice Magic
 + Level 1.3 Air Magic
 + Level 1.3 Earth Magic
 + Level 1.3 Poison Magic
 + Level 1.9 Invocations
 + Level 1.7 Evocations


You had 7 spell levels left.
You didn't know any spells.
Your spell library contained the following spells:

 Spells                   Type           Power      Damage    Failure   Level
 Magic Dart               Conj           44%        1d5       10%         1
 Searing Ray              Conj           22%        2d5       16%         2
 Wereblood                Tmut           11%        N/A       16%         2
 Shock                    Conj/Air       32%        1d5       17%         1
 Passwall                 Tmut/Erth      6%         N/A       26%         2


Dungeon Overview and Level Annotations

Branches:
Dungeon (1/1)

Altars:

Annotations:
D Crazy Yiuf


Innate Abilities, Weirdness & Mutations

You have very sharp teeth.
Your uncanny sense of smell can sniff out nearby items.
Your experience applies equally to all skills.


Message History

Your Earth Magic skill increases to level 1!
Your Poison Magic skill increases to level 1!
Your Evocations skill increases to level 1!
You have reached level 2!
Unknown command.
You start resting.
You feel a strong urge to attack something.
Unknown command.
You start resting.
You feel your anger nearly subside.
You start resting.
You are no longer berserk.
You are exhausted.
You feel yourself slow down.
You start resting.
Your extra speed is starting to run out.
You start resting.
You feel yourself slow down.
You start resting.
You feel yourself speed up.
You start resting.
HP restored.
You see here a rat corpse.
You recover from your berserk rage.
Crazy Yiuf the Enlightened comes into view.
He is wielding a +4 quarterstaff of chaos.
Crazy Yiuf shouts!
Crazy Yiuf hits you with a +4 quarterstaff of chaos.
Crazy Yiuf burns you.
You barely miss Crazy Yiuf.
Crazy Yiuf hits you with a +4 quarterstaff of chaos!
You feel agile all of a sudden.
You hit Crazy Yiuf but do no damage. Your bite misses Crazy Yiuf.
Crazy Yiuf barely misses you.
You hit Crazy Yiuf but do no damage. Crazy Yiuf closely misses you.
You barely miss Crazy Yiuf. You bite Crazy Yiuf, but do no damage.
Crazy Yiuf barely misses you.
You closely miss Crazy Yiuf.
Crazy Yiuf hits you with a +4 quarterstaff of chaos!
Ouch! That really hurt!
You die...

▓...#......##
▓..##.......#∆∆
..#∆
▓##.##.##...#∆∆ ..#
##.##.###..# #..#
▓#.####.##..# ...+
▓.###..##.†## #...#
▓#.....##..###....#
###..##...##.....#
##..##....#.@g...#
#..###..##.#.....#
∆ #[.# #..
####....# ▓▓▓▓ ▓▓▓
▓▓▓▓▓ ∆


You could see Crazy Yiuf.

Vanquished Creatures
  A human (D)
  2 endoplasms (D)
  2 rats (D)
5 creatures vanquished.

Notes
Turn   | Place    | Note
-------+----------+-------------------------------------------
     0 | D        | Reached skill level 10 in Armour
     0 | D        | McGhostyFace the Gnoll Wanderer began the quest for the
                  | Orb.
     0 | D        | McGhostyFace set off with the following items: a +0 dagger,
                  | a potion of lignification, a +0 ring mail, a potion of
                  | curing, a potion of heal wounds, a potion of haste, 2
                  | potions of magic, a potion of berserk rage, a scroll of
                  | blinking; and the following spells available to memorise:
                  | Magic Dart, Searing Ray, Wereblood, Shock, Passwall.
     0 | D        | Reached XP level 1. HP: 13/13 MP: 4/4
    78 | D        | Reached skill level 1 in Invocations
   120 | D        | Reached skill level 1 in Fighting
   120 | D        | Reached skill level 1 in Short Blades
   120 | D        | Reached skill level 1 in Long Blades
   120 | D        | Reached skill level 1 in Axes
   120 | D        | Reached skill level 1 in Maces & Flails
   120 | D        | Reached skill level 1 in Polearms
   120 | D        | Reached skill level 1 in Staves
   120 | D        | Reached skill level 1 in Ranged Weapons
   120 | D        | Reached skill level 1 in Throwing
   120 | D        | Reached skill level 1 in Dodging
   120 | D        | Reached skill level 1 in Stealth
   120 | D        | Reached skill level 1 in Shields
   120 | D        | Reached skill level 1 in Unarmed Combat
   120 | D        | Reached skill level 1 in Hexes
   120 | D        | Reached skill level 1 in Summonings
   120 | D        | Reached skill level 1 in Necromancy
   120 | D        | Reached skill level 1 in Translocations
   120 | D        | Reached skill level 1 in Fire Magic
   120 | D        | Reached skill level 1 in Ice Magic
   120 | D        | Reached skill level 1 in Air Magic
   120 | D        | Reached skill level 1 in Earth Magic
   120 | D        | Reached skill level 1 in Poison Magic
   120 | D        | Reached skill level 1 in Evocations
   120 | D        | Reached XP level 2. HP: 13/22 MP: 6/6
   176 | D        | Noticed Crazy Yiuf
   182 | D        | Slain by Crazy Yiuf

Illustrated notes

Levels and vault maps discovered:
D:        dungeon_sprint_mu [sprint_mu_entry_cave, sprint_mu_temple_rooms,
          sprint_mu_d1_spiders, sprint_mu_d2_genie, sprint_mu_d3_branching,
          sprint_mu_orc_legion, sprint_mu_elf_gauntlet, sprint_mu_hive_nellie,
          sprint_mu_lair_fedhas, sprint_mu_vaults_butterflies,
          sprint_mu_slime_circle, sprint_mu_swamp_cave, sprint_mu_snake_twists,
          sprint_mu_blade_basic, sprint_mu_crypt_chambers,
          sprint_mu_tomb_spiral, sprint_mu_vestibule_basic,
          sprint_mu_gehenna_hellfire, sprint_mu_dis_giant,
          sprint_mu_tartarus_statrot, sprint_mu_cocytus_islands, sprint_mu_zot1]

Skill      XL: |  1 |
---------------+----+-----
Armour         | | 10.5
Invocations    | 1 |  1.9
Fighting       | 1 |  1.7
Short Blades   | 1 |  1.7
Long Blades    | 1 |  1.7
Axes           | 1 |  1.7
Maces & Flails | 1 |  1.7
Polearms       | 1 |  1.7
Staves         | 1 |  1.7
Ranged Weapons | 1 |  1.7
Throwing       | 1 |  1.7
Dodging        | 1 |  1.7
Stealth        | 1 |  1.7
Shields        | 1 |  1.7
Unarmed Combat | 1 |  1.7
Spellcasting   | 3 |  3.3
Conjurations   | 4 |  4.0
Hexes          | 1 |  1.3
Summonings     | 1 |  1.3
Necromancy     | 1 |  1.3
Translocations | 1 |  1.3
Transmutations | 4 |  4.0
Fire Magic     | 1 |  1.3
Ice Magic      | 1 |  1.3
Air Magic      | 1 |  1.3
Earth Magic    | 1 |  1.3
Poison Magic   | 1 |  1.3
Evocations     | 1 |  1.7

Action                   || total
-------------------------++-------
Melee: Dagger            ||    47
       Bite              ||     7
       Punch             ||     1
  Use: Potion            ||     2
Armor: Ring mail         ||    14
Dodge: Dodged            ||    16

Table legend: (Time is in decaauts)
 A = Elapsed time spent in this place.
 B = Non-inter-level travel time spent in this place.
 C = Inter-level travel time spent in this place.
 D = Time resting spent in this place.
 E = Time spent auto-exploring this place.
 F = Levels seen in this place.
 G = Mean time per level.
                   A        B        C        D        E       F      G
               +--------+--------+--------+--------+--------+-----+--------+
         Total |    178 |    178 |      0 |     74 |      0 |   1 |  178.0 |
       Dungeon |    178 |    178 |      0 |     74 |      0 |   1 |  178.0 |
               +--------+--------+--------+--------+--------+-----+--------+

Top non-repeatable levels by time:
       D: 178 daAuts
